 Dungeon Crawl Stone Soup version 0.25-a0-842-g81a31cfd23 (webtiles) character file.

Game seed: 17330694478293933906, levelgen mode: classic

119 Amnesiac the Gusty (level 5, -3/31 HPs)
             Began as an Octopode Air Elementalist on Apr 24, 2020.
             Was a Follower of Cheibriados.
             Slain by a gnoll
             ... wielding a +0 flail
              (10 damage)
             ... on level 2 of the Dungeon.
             The game lasted 00:03:50 (1782 turns).

Amnesiac the Gusty (Octopode Air Elementalist)      Turns: 1782, Time: 00:03:50

Health: -3/31      AC:  1    Str: 10    XL:     5   Next: 3%
Magic:  0/9        EV: 14    Int: 21    God:    Cheibriados [*.....]
Gold:   119        SH:  0    Dex: 16    Spells: 5/10 levels left

rFire    . . .     SeeInvis .   (no weapon)
rCold    . . .     Gourm    .   (no shield)
rNeg     . . .     Faith    .   (helmet restricted)
rPois    .         Spirit   .   (no amulet)
rElec    .         Reflect  .   (no ring)
rCorr    .         Harm     .   (no ring)
MR       .....                  (no ring)
Stlth    +++.......             (no ring)
HPRegen  0.10/turn              (no ring)
MPRegen  0.11/turn              (no ring)
                                (no ring)
                                (no ring)

@: very slightly contaminated, very slow
A: almost no armour, stealthy swim, amphibious, 8 rings, constrict 8, camouflage
1, gelatinous body 1
a: Bend Time, Renounce Religion


You were on level 2 of the Dungeon.
You worshipped Cheibriados.
Cheibriados was aware of your devotion.
You were not hungry.

You visited 1 branch of the dungeon, and saw 2 of its levels.

You collected 119 gold pieces.

Inventory:

Jewellery
 d - an uncursed ring of positive energy {unknown}
 e - an uncursed ring of ice {unknown}
 k - a +4 ring of protection
Scrolls
 g - 5 scrolls of identify {!r, unknown}
 j - 2 scrolls of remove curse {!r, unknown}
Potions
 a - a potion of lignification {!q, unknown}
 c - a potion of resistance {!q, unknown}
 f - a potion of heal wounds {!q, unknown}
 h - 2 potions of curing {!q, unknown}
 i - a potion of stabbing {!q, unknown}
Comestibles
 b - 2 rations
 l - a chunk of flesh


   Skills:
 - Level 2.0 Dodging
 + Level 3.1 Stealth
 + Level 3.0 Spellcasting
 - Level 1.0 Conjurations
 * Level 4.7 Air Magic


You had 5 spell levels left.
You knew the following spells:

 Your Spells              Type           Power        Failure   Level  Hunger
a - Shock                 Conj/Air       ###.         4%          1    None
e - Airstrike             Air            ###.......   19%         4    ####...

Your spell library contained the following spells:

 Spells                   Type           Power        Failure   Level  Hunger
 Swiftness                Chrm/Air       ##......     8%          2    ##.....
 Static Discharge         Conj/Air       ###.....     12%         3    ###....
 Lightning Bolt           Conj/Air       ###.......   75%         5    ######.


Dungeon Overview and Level Annotations

Branches:
Dungeon (2/15)

Altars:
Cheibriados


Innate Abilities, Weirdness & Mutations

You cannot wear most types of armour.
You are very stealthy in the water. (Stealth+)
You are amphibious.
You can wear up to eight rings at the same time.
You can use your tentacles to constrict eight enemies at once.
Your skin changes colour to match your surroundings (Stealth+).
Your rubbery body absorbs attacks. (AC +1, EV +1)


Message History

Aim: a gnoll, wielding a +0 whip (heavily wounded)
You miscast Shock.
You are very lightly contaminated with residual magic.
Nothing appears to happen.
The gnoll hits you with a +0 whip.
A gnoll comes into view. It is wielding a +0 flail.
The gnoll hits you with a +0 whip.
The gnoll hits you from afar with a +0 halberd.
Casting: Shock (safe; 4% risk of failure)
Confirm with . or Enter, or press ? or * to list all spells.
Aiming: Shock (safe; 4% risk of failure)
Press: ? - help, Shift-Dir - straight line, f/p - gnoll
Aim: a gnoll, wielding a +0 whip (heavily wounded)
The zap hits the gnoll.
The gnoll is heavily wounded.
The zap hits the gnoll.
The gnoll is almost dead.
The zap hits the gnoll.
You kill the gnoll!
Cheibriados appreciates the change of pace.
Your Stealth skill increases to level 3!
Your Spellcasting skill increases to level 3!
The gnoll closely misses you.
Casting: Shock (safe; 4% risk of failure)
Confirm with . or Enter, or press ? or * to list all spells.
Aiming: Shock (safe; 4% risk of failure)
Press: ? - help, Shift-Dir - straight line The zap hits the gnoll.
The gnoll is severely wounded.
The zap hits the gnoll.
The gnoll is almost dead.
The gnoll barely misses you.
Casting: Shock (safe; 4% risk of failure)
Confirm with . or Enter, or press ? or * to list all spells.
Aiming: Shock (safe; 4% risk of failure)
Press: ? - help, Shift-Dir - straight line The zap misses the gnoll.
The zap hits the gnoll.
You kill the gnoll!
Cheibriados appreciates the change of pace.
You have reached level 5!
You feel agile.
Casting: Shock (safe; 4% risk of failure)
Confirm with . or Enter, or press ? or * to list all spells.
Aiming: Shock (safe; 4% risk of failure)
Press: ? - help, Shift-Dir - straight line The zap misses the gnoll.
The zap hits the gnoll.
The gnoll is heavily wounded.
Casting: Shock (safe; 4% risk of failure)
Confirm with . or Enter, or press ? or * to list all spells.
Aiming: Shock (safe; 4% risk of failure)
Press: ? - help, Shift-Dir - straight line The zap misses the gnoll.
The zap hits the gnoll.
The gnoll is heavily wounded.
The gnoll hits you with a +0 flail!
* * * LOW HITPOINT WARNING * * *
Casting: Shock (safe; 4% risk of failure)
Confirm with . or Enter, or press ? or * to list all spells.
Aiming: Shock (safe; 4% risk of failure)
Press: ? - help, Shift-Dir - straight line The zap hits the gnoll.
The gnoll is severely wounded.
The zap hits the gnoll.
The gnoll is almost dead.
The gnoll hits you with a +0 flail!
You die...

#.###########
#.#.........#
#.##.######†#
#.##......#.#
#.##..###.#.#
#.##..# #.#
#.##÷.# #.#
#.....# #.#
#########.# #@#
..... .# #g#
......#########)#
....(.'..g..g.).#
......###########
..... .... ... ..


You could see a gnoll.

Vanquished Creatures
  Jessica (D:2)
  2 gnolls (D:2)
  An adder (D:2)
  5 worms
  A dart slug (D:2)
  3 leopard geckos
  2 bats
  2 giant cockroaches
  2 goblins (D:1)
  11 hobgoblins
  A frilled lizard (D:2)
  8 kobolds
  9 rats
48 creatures vanquished.

Notes
Turn   | Place    | Note
-------+----------+-------------------------------------------
     0 | D:1      | Amnesiac the Octopode Air Elementalist began the quest for
                  | the Orb.
     0 | D:1      | Reached XP level 1. HP: 11/11 MP: 3/3
   296 | D:2      | Found a snail-covered altar of Cheibriados.
   308 | D:2      | Became a worshipper of Cheibriados the Contemplative
   336 | D:2      | Reached XP level 2. HP: 17/17 MP: 0/5
   694 | D:1      | Reached XP level 3. HP: 21/21 MP: 2/6
   832 | D:1      | Reached * piety under Cheibriados
   994 | D:1      | Reached skill level 4 in Air Magic
  1214 | D:2      | Noticed Jessica
  1220 | D:2      | Killed Jessica
  1220 | D:2      | Reached XP level 4. HP: 25/27 MP: 2/8
  1245 | D:2      | Learned a level 4 spell: Airstrike
  1779 | D:2      | Reached XP level 5. HP: 16/31 MP: 3/9
  1782 | D:2      | Slain by a gnoll

Levels and vault maps discovered:
D:1:      dpeg_arrival_ratfight, layout_basic, minmay_pentomino_t4
D:2:      layout_basic, lemuel_round_altar, first_ration, uniq_jessica

Skill      XL: |  1  2  3  4 |
---------------+-------------+-----
Air Magic      | 4 |  4.7
Stealth        | 3 |  3.1
Spellcasting   | 3 |  3.0
Dodging        | |  2.0
Conjurations   | |  1.0

Action                   |  1- 3 |  4- 6 || total
-------------------------+-------+-------++-------
Melee: Unarmed           |    19 |     7 ||    26
       Constrict         |     8 |     3 ||    11
       Tentacles         |     5 |     2 ||     7
 Cast: Shock             |    50 |    34 ||    84
       Airstrike         |       |     3 ||     3
 Stab: Sleeping          |     2 |     1 ||     3
  Eat: Chunk             |     1 |     1 ||     2
Armor: Skin              |     1 |       ||     1
Dodge: Dodged            |    16 |     5 ||    21

Table legend:
 A = Non-vault XP
 B = Vault XP
 C = Vault XP percentage of total XP
 D = Non-vault monster count
 E = Vault monster count
 F = Vault count percentage of total count
                 A         B        C        D         E       F
            +---------+---------+-------+---------+---------+-------
      Total |     125 |      46 |  26.9 |      40 |       8 |  16.7
            +---------+---------+-------+---------+---------+-------
        D:1 |      37 |       9 |  19.6 |      19 |       7 |  26.9
        D:2 |      88 |      37 |  29.6 |      21 |       1 |   4.5
            +---------+---------+-------+---------+---------+-------
